 Dungeon Crawl Stone Soup version 0.26-a0-712-ga5a9c9c9d0 (webtiles) character file.

Game seed: 11215805488849387918

4952 graki42 the Thaumaturge (level 10, -5/50 HPs)
             Began as a Deep Elf Ice Elementalist on Nov 4, 2020.
             Was a Believer of Sif Muna.
             Slain by an orc warrior
             ... wielding a cursed -1 flail
              (18 damage)
             ... on level 9 of the Dungeon on Nov 5, 2020.
             The game lasted 00:36:46 (8956 turns).

graki42 the Thaumaturge (Deep Elf Ice Elementalist) Turns: 8956, Time: 00:36:47

Health: -5/50      AC:  5    Str:  9    XL:     10   Next: 28%
Magic:  2/26       EV: 13    Int: 29    God:    Sif Muna [**....]
Gold:   578        SH:  0    Dex: 15    Spells: 14/29 levels left

rFire    . . .     SeeInvis .   w - +3 spear of Duty {vorpal, rElec Str+2 Int+4 Stlth+}
rCold    . . .     Faith    .   (no shield)
rNeg     . . .     Spirit   .   a - +0 robe
rPois    .         Reflect  .   m - +0 helmet
rElec    +         Harm     .   O - scarf {+Inv}
rCorr    +         Rampage  .   C - +0 pair of gloves
MR       +++..                  c - +0 pair of boots
Stlth    +++.......             r - amulet of regeneration
HPRegen  0.56/turn              y - ring of the Mage {Wiz MR++ Int+3}
MPRegen  0.20/turn              K - ring of resist corrosion

@: no status effects
A: no striking features
a: Channel Magic, Renounce Religion, Evoke Invisibility


You were on level 9 of the Dungeon.
You worshipped Sif Muna.
Sif Muna was pleased with you.
You visited 2 branches of the dungeon, and saw 10 of its levels.
You also visited: Sewer.

You collected 664 gold pieces.
You spent 86 gold pieces at shops.

Inventory:

Hand Weapons
 w - the +3 spear of Duty (weapon) {vorpal, rElec Str+2 Int+4 Stlth+}
   (You found it on level 4 of the Dungeon)

   It inflicts extra damage upon your enemies.
   It affects your strength (+2).
   It affects your intelligence (+4).
   It insulates you from electricity.
   It makes you more stealthy.
Armour
 a - a +0 robe (worn)
 c - a +0 pair of boots (worn)
 m - a +0 helmet (worn)
 C - a +0 pair of gloves (worn)
 O - a scarf of invisibility (worn)
Jewellery
 r - an amulet of regeneration (around neck)
 y - the ring of the Mage (left hand) {Wiz MR++ Int+3}
   (You found it on level 5 of the Dungeon)

   [ring of wizardry]

   It improves your spell success rate.
   It affects your intelligence (+3).
   It affects your resistance to hostile enchantments.
 I - an uncursed ring of stealth
 K - a ring of resist corrosion (right hand)
 N - a +6 ring of intelligence
Wands
 l - a wand of flame (28)
 p - a wand of digging (5)
 q - a wand of random effects (39)
 H - a wand of acid (13)
 J - a wand of polymorph (10)
 M - a wand of paralysis (5)
Scrolls
 d - a scroll of enchant armour {unknown}
 f - a scroll of enchant weapon {unknown}
 g - 3 scrolls of fear
 i - 2 scrolls of fog
 j - 8 scrolls of remove curse
 k - 7 scrolls of teleportation
 v - 2 scrolls of immolation {unknown}
 A - a scroll of random uselessness {unknown}
 E - a scroll of brand weapon {unknown}
 L - 2 scrolls of identify
Potions
 b - a potion of stabbing {unknown}
 e - 3 potions of flight
 h - 3 potions of curing
 n - 2 potions of haste
 o - 4 potions of lignification
 s - a potion of berserk rage
 t - a potion of resistance
 u - a potion of might
 x - a potion of ambrosia {unknown}
 z - 3 potions of brilliance {unknown}
 B - a potion of invisibility {unknown}
 D - 2 potions of degeneration {unknown}
 F - 2 potions of cancellation {unknown}
 G - 2 potions of heal wounds


   Skills:
 - Level 3.0 Dodging
 - Level 3.0 Stealth
 + Level 10.2 Spellcasting
 + Level 7.0 Conjurations
 + Level 7.0 Summonings
 + Level 9.4 Ice Magic
 + Level 5.6 Invocations


You had 14 spell levels left.
You knew the following spells:

 Your Spells              Type           Power        Failure   Level
a - Freeze                Ice            ####         1%          1
b - Frozen Ramparts       Ice            ######       1%          3
c - Ozocubu's Armour      Ice            ######..     1%          3
d - Hailstorm             Conj/Ice       ######..     1%          4
e - Summon Ice Beast      Ice/Summ       ######..     1%          4

Your spell library contained the following spells:

 Spells                   Type           Power        Failure   Level


Dungeon Overview and Level Annotations

Branches:
Dungeon (9/15)             Temple (1/1) D:6            Lair (0/6) D:8
  Sewer (visited)
    Orc: D:9-12

Altars:
Dithmenos
Elyvilon
Fedhas
Kikubaaqudgha
Nemelex Xobeh
Qazlal
Ru
Sif Muna
Trog
Vehumet
Wu Jian

Shops:
D:6 *(![[


Message History

The orc wizard hits something but does no damage.
The orc wizard hits you but does no damage.
The orc wizard hits something with a +0 dagger.
The orc warrior misses you.
Your ice beast barely misses the orc wizard.
The orc wizard barely misses you.
You barely miss the orc warrior.
The orc warrior is almost dead.
The orc wizard barely misses something.
The orc wizard closely misses you.
Your ice beast hits the orc wizard but does no damage.
The orc warrior hits you with a cursed -1 flail.
* * * LOW HITPOINT WARNING * * *
The orc wizard hits something but does no damage.
The orc wizard hits you with a +0 dagger.
* * * LOW HITPOINT WARNING * * *
The orc wizard mumbles some strange words.
The orc wizard blinks!
Your ice beast barely misses the orc wizard.
The orc warrior hits you with a cursed -1 flail!!
You die...

###########
###.........#
##)(.........#
#..#.oY.o....#
#.##.......ยง.#
c....)(.##<...Y..Y.#
.....############Y##
.... #oo# ### ###@##
#...# #.### ####'##
#.....# #.#.#.# #
#.#.# #.#.# #.#.#


You could see an orc warrior, an orc wizard (fast) and 2 friendly ice beasts.

Vanquished Creatures
  Harold (D:8)
  A troll (D:8)
  Prince Ribbit (D:8)
  Sigmund (D:5)
  A steam dragon (D:7)
  Menkaure (D:4)
  2 insubstantial wisps (D:7)
  2 sky beasts (D:7)
  2 orc warriors
  2 black bears (D:8)
  Purgy (Sewer)
  3 wolves (D:8)
  2 ogres
  3 centaurs
  Blork the orc (D:5)
  4 bullfrogs
  2 water moccasin skeletons
  7 wights (D:8)
  3 howler monkeys (D:7)
  A jelly (D:8)
  An electric eel (D:8)
  2 bullfrog zombies (D:5)
  5 orc priests
  3 hounds
  Ijyb (D:5)
  Terence (D:2)
  An iguana (D:6)
  An orc wizard (D:8)
  4 worker ants
  Robin (D:2)
  9 adders
  A river rat (D:3)
  2 shadow imps
  2 white imps
  An adder skeleton (D:7)
  2 adder zombies
  4 worms
  2 dart slugs
  3 leopard geckos
  17 orcs
  5 ball pythons
  7 giant cockroaches
  21 goblins
  11 hobgoblins
  8 jackals
  4 quokkas
  A ball python skeleton (D:4)
  10 bats
  3 frilled lizards (D:1)
  A jackal skeleton (D:8)
  12 kobolds
  7 rats
194 creatures vanquished.

Vanquished Creatures (collateral kills)
  An ice beast (D:9)
  A sky beast (D:7)
  A phantom (D:8)
  A wolf (D:8)
  2 wights (D:8)
  An electric eel (D:8)
  An orc priest (D:8)
  An orc wizard (D:9)
  A hound skeleton (D:8)
  An adder (D:9)
11 creatures vanquished.

Grand Total: 205 creatures vanquished

Notes
Turn   | Place    | Note
-------+----------+-------------------------------------------
     0 | D:1      | graki42 the Deep Elf Ice Elementalist began the quest for
                  | the Orb.
     0 | D:1      | Reached XP level 1. HP: 10/10 MP: 6/6
   193 | D:1      | Reached XP level 2. HP: 10/15 MP: 4/8
   943 | D:2      | Reached XP level 3. HP: 19/19 MP: 6/10
   948 | D:2      | Learned a level 3 spell: Frozen Ramparts
   952 | D:2      | Learned a level 3 spell: Ozocubu's Armour
  1165 | D:2      | Found an ancient bone altar of Kikubaaqudgha.
  1179 | D:2      | Reached skill level 4 in Spellcasting
  1463 | D:2      | Found a faded altar of an unknown god.
  1469 | D:2      | Reached skill level 5 in Ice Magic
  1475 | D:2      | Noticed Terence
  1480 | D:2      | Noticed Robin
  1485 | D:2      | Killed Terence
  1485 | D:2      | Reached XP level 4. HP: 18/24 MP: 4/12
  1489 | D:2      | Killed Robin
  2263 | D:3      | Reached skill level 5 in Spellcasting
  2273 | D:3      | Found a glowing drain.
  2277 | Sewer    | Entered a sewer
  2362 | Sewer    | Noticed Purgy
  2374 | Sewer    | Killed Purgy
  2374 | Sewer    | Reached XP level 5. HP: 28/28 MP: 6/15
  2530 | D:3      | Learned a level 4 spell: Hailstorm
  2535 | D:3      | Learned a level 4 spell: Summon Ice Beast
  2762 | D:3      | Reached XP level 6. HP: 32/32 MP: 13/16
  3303 | D:4      | Reached skill level 6 in Spellcasting
  3303 | D:4      | Reached skill level 1 in Conjurations
  3303 | D:4      | Reached skill level 1 in Summonings
  3455 | D:4      | Got an encrusted spear
  3456 | D:4      | Identified the +3 spear of Duty {vorpal, rElec Str+2 Int+4
                  | Stlth+} (You found it on level 4 of the Dungeon)
  3570 | D:4      | Noticed Menkaure
  3589 | D:4      | Killed Menkaure
  3782 | D:4      | Found a sacrificial altar of Ru.
  3843 | D:4      | Reached XP level 7. HP: 36/36 MP: 15/18
  4015 | D:5      | Entered Level 5 of the Dungeon
  4154 | D:5      | Noticed Ijyb
  4155 | D:5      | Noticed Blork the orc
  4162 | D:5      | Killed Ijyb
  4168 | D:5      | Killed Blork the orc
  4233 | D:5      | Found the ring of the Mage {Wiz MR++ Int+3}
  4261 | D:5      | Noticed Sigmund
  4269 | D:5      | Killed Sigmund
  4269 | D:5      | Reached skill level 7 in Spellcasting
  5005 | D:6      | Found a staircase to the Ecumenical Temple.
  5020 | D:6      | Reached XP level 8. HP: 26/41 MP: 18/21
  5060 | Temple   | Entered the Ecumenical Temple
  5069 | Temple   | Became a worshipper of Sif Muna the Loreminder
  5108 | D:6      | Found Hookimejob's Distillery.
  5223 | D:6      | Found Teamak's Armour Shop.
  5240 | D:6      | Found Qeahaowk's Weapon Shoppe.
  5278 | D:6      | Found a sparkling altar of Nemelex Xobeh.
  5287 | D:6      | Reached skill level 1 in Invocations
  5314 | D:6      | Found an ornate altar of the Wu Jian Council.
  5349 | D:6      | Found a shadowy altar of Dithmenos.
  5531 | D:6      | Found Siemub's Assorted Antiques.
  5539 | D:6      | Bought a scroll labeled GELOOL ESUC for 23 gold pieces
  5539 | D:6      | Bought a fuming white potion for 20 gold pieces
  5539 | D:6      | Bought a scroll labeled OBOXYS UKYPS for 23 gold pieces
  5539 | D:6      | Bought a blue potion for 20 gold pieces
  5614 | D:6      | Found Onojep's Armour Boutique.
  5840 | D:7      | Reached skill level 8 in Spellcasting
  6081 | D:7      | Reached * piety under Sif Muna
  6215 | D:7      | Reached skill level 5 in Conjurations
  6215 | D:7      | Reached skill level 5 in Summonings
  6248 | D:7      | Reached XP level 9. HP: 28/45 MP: 19/23
  6719 | D:8      | Found a bloodstained altar of Trog.
  6823 | D:8      | Reached skill level 9 in Spellcasting
  6953 | D:8      | Noticed a troll
  7047 | D:8      | Killed a troll
  7311 | D:8      | Found a staircase to the Lair.
  7312 | D:8      | Noticed Harold
  7422 | D:8      | Killed Harold
  7422 | D:8      | Reached skill level 5 in Invocations
  7422 | D:8      | Reached XP level 10. HP: 40/50 MP: 1/25
  7610 | D:8      | Reached ** piety under Sif Muna
  7859 | D:8      | Reached skill level 10 in Spellcasting
  7932 | D:8      | Noticed Prince Ribbit
  7941 | D:8      | Killed Prince Ribbit
  8956 | D:9      | Slain by an orc warrior

Illustrated notes

Levels and vault maps discovered:
D:1:      lemuel_arrival_room, layout_loops_ring
D:2:      layout_loops_ring, kiku_gazebo_garden_becter,
          chequers_ecumenical_altar_simple_redux, kennysheep_boxes,
          uniq_terence, uniq_robin
D:3:      layout_loops_ring, gup_sewer_entry_bowl
D:4:      layout_loops_ring, nicolae_ru_sacrificial_ziggurat, uniq_menkaure
D:5:      layout_gridville, uniq_ijyb, uniq_sigmund, uniq_blork_the_orc
D:6:      layout_rooms, kennysheep_mini_moat, nicolae_dithmenos_shadow_blocks,
          lemuel_doored_altar, minmay_temple_entry_statues_fountains,
          serial_rivers, chequers_serial_rivers_small_3,
          chequers_serial_rivers_small_b, chequers_serial_rivers_micro_c,
          chequers_serial_rivers_large_b, chequers_serial_rivers_micro_e,
          serial_shops, nicolae_shop_overgrown_old_shop, shop, kennysheep_mini,
          kennysheep_little_box, shop
D:7:      layout_cave_pools, kennysheep_nub, st_stairs_12, hangedman_misty_isle
D:8:      layout_basic, erik_lair_island, serial_rivers,
          chequers_serial_rivers_small_a, chequers_serial_rivers_micro_c,
          chequers_serial_rivers_micro_e, chequers_serial_rivers_micro_c,
          chequers_serial_rivers_room_b, chequers_serial_rivers_small_b,
          trog_hazing_becter, uniq_harold, uniq_prince_ribbit1
D:9:      layout_roguey, water_boxes_lemuel
Temple:   regret_index_temple_mists

Skill      XL: |  1  2  3  4  5  6  7  8  9 10 |
---------------+-------------------------------+-----
Dodging        | 3 |  3.0
Stealth        | 3 |  3.0
Spellcasting   | 4 5 6 7 8 9 10 | 10.2
Ice Magic      | 5 6 7 8 9 |  9.4
Conjurations   | 2 3 5 6 7 |  7.0
Summonings     | 2 3 5 6 7 |  7.0
Invocations    | 3 5 |  5.6

Action                   |  1- 3 |  4- 6 |  7- 9 | 10-12 || total
-------------------------+-------+-------+-------+-------++-------
Melee: Unarmed           |     1 |     1 |       |       ||     2
       Spear             |       |     5 |   154 |    17 ||   176
 Cast: Freeze            |    40 |    71 |    31 |    14 ||   156
       Frozen Ramparts   |     4 |    11 |    39 |     2 ||    56
       Ozocubu's Armour  |       |     3 |     2 |       ||     5
       Hailstorm         |       |       |    10 |    26 ||    36
       Summon Ice Beast  |       |       |     8 |    22 ||    30
  Use: Scroll            |       |     8 |     6 |       ||    14
 Stab: Sleeping          |       |     1 |     5 |     1 ||     7
       Distracted        |       |       |     1 |       ||     1
Armor: Robe              |     4 |    14 |    44 |     5 ||    67
Dodge: Dodged            |    18 |    53 |   152 |    26 ||   249

Table legend: (Time is in decaauts)
 A = Elapsed time spent in this place.
 B = Non-inter-level travel time spent in this place.
 C = Inter-level travel time spent in this place.
 D = Time resting spent in this place.
 E = Time spent auto-exploring this place.
 F = Levels seen in this place.
 G = Mean time per level.
                   A        B        C        D        E       F      G
               +--------+--------+--------+--------+--------+-----+--------+
         Total |   9019 |   8838 |    181 |   1787 |   5476 |  11 |  819.9 |
       Dungeon |   8784 |   8615 |    169 |   1670 |   5416 |   9 |  976.0 |
        Temple |     24 |     13 |     11 |      0 |      0 |   1 |   24.0 |
         Sewer |    210 |    210 |      0 |    117 |     60 |   1 |  210.0 |
               +--------+--------+--------+--------+--------+-----+--------+

Top non-repeatable levels by time:
     D:8: 1779 daAuts
     D:2: 1395 daAuts
     D:5: 991 daAuts
     D:3: 836 daAuts
     D:1: 826 daAuts
     D:6: 811 daAuts
     D:7: 803 daAuts
     D:4: 752 daAuts
     D:9: 588 daAuts
   Sewer: 210 daAuts
  Temple: 24 daAuts
